[Event "Early-Titled-Tuesday-Blitz-January-23-2024"]
[Site "Chess.com"]
[Date "2024.01.23"]
[Round "10"]
[White "AsselLesbekova"]
[Black "ImportedItalianMaple"]
[Result "1-0"]
[WhiteElo "2304"]
[BlackElo "2427"]
[TimeControl "180+1"]
[EndTime "9:55:57 PST"]
[Termination "AsselLesbekova won by checkmate"]

1. e4 d5 2. exd5 Qxd5 3. Nf3 Nc6 4. Be2 Bg4 5. h3 Bh5 6. Nc3 Qd7 7. d3 O-O-O 8. Be3 e5 9. Qd2 f6 10. O-O-O Nge7 11. g4 Bf7 12. d4 exd4 13. Nxd4 Nxd4 14. Qxd4 Qxd4 15. Rxd4 Rxd4 16. Bxd4 Nc6 17. Be3 Bb4 18. g5 f5 19. a3 Bxc3 20. bxc3 Re8 21. Bd3 g6 22. h4 Bd5 23. Rh2 Be4 24. h5 Bxd3 25. cxd3 Ne5 26. hxg6 hxg6 27. Kc2 Ng4 28. Rh3 Nxe3+ 29.
fxe3 Kd7 30. Kd2 Kd6 31. Rh6 Re6 32. Rh8 a5 33. Ra8 b6 34. Ke2 Kc5 35. a4 f4 36.
e4 Kc6 37. Kf3 Kc5 38. Kxf4 Rd6 39. Ke3 c6 40. Rf8 b5 41. d4+ Kc4 42. axb5 cxb5 43. Rf6 Rd7 44. Rxg6 a4 45. Kd2 Ra7 46. Kc2 a3 47.
Rc6# 1-0

[Event "Early-Titled-Tuesday-Blitz-January-23-2024"]
[Site "Chess.com"]
[Date "2024.01.23"]
[Round "10"]
[White "alekroth65"]
[Black "C_K_G"]
[Result "1-0"]
[WhiteElo "2344"]
[BlackElo "2120"]
[TimeControl "180+1"]
[EndTime "9:55:57 PST"]
[Termination "alekroth65 won on time"]

1. d4 d5 2. c4 e6 3. Nf3 Nf6 4. Bg5 Be7 5. e3 a6 6. Nc3 O-O 7. Qc2 h6 8. Bxf6 Bxf6 9. h4 b6 10. g4 g6 11. g5 hxg5 12. hxg5 Bxg5 13. O-O-O Nc6 14. Nxg5 Qxg5 15. f4 Qd8 16. Qh2 Kg7 17. Qh6+ Kf6 18. cxd5 exd5 19. Bg2 Be6 20. Qg5+ Kg7 21.
Nxd5 Qxg5 22. fxg5 Bxd5 23. Bxd5 Ne7 24. Bxa8 Rxa8 25.
Kd2 Rd8 26. Kd3 c5 27. Rh4 Nf5 28. Rf4 cxd4 29. exd4 Rd5 30. Re1 a5 31. Re5 Rd6 32. b3 1-0

[Event "Early-Titled-Tuesday-Blitz-January-23-2024"]
[Site "Chess.com"]
[Date "2024.01.23"]
[Round "10"]
[White "Sofia_Blokhin"]
[Black "pfalcon1949"]
[Result "0-1"]
[WhiteElo "2251"]
[BlackElo "2046"]
[TimeControl "180+1"]
[EndTime "9:56:00 PST"]
[Termination "pfalcon1949 won on time"]

1. d4 Nf6 2. c4 c5 3. d5 b5 4.
cxb5 a6 5. bxa6 g6 6. Nc3 Bg7 7.
e4 O-O 8. Be2 Qa5 9. Bd2 Bxa6 10. Nf3 Bxe2 11. Qxe2 Qa6 12. Qxa6 Nxa6 13. O-O d6 14.
Rfe1 Ng4 15. Rab1 Nb4 16. h3 Ne5 17. Nxe5 Bxe5 18. a4 Rfb8 19. b3 Nd3 20. Rf1 Rc8 21. Nb5 c4 22. f4 Bg7 23. Rf3 Nc5 24. bxc4 Nxe4 25. Bb4 Rxc4 26. a5 h5 27. Ra3 Ra6 28. Be1 Bf6 29. Rab3 h4 30. Na3 Bd4+ 31. Kh2 Kg7 32.
Nxc4 f6 33. Nb6 g5 0-1

[Event "Early-Titled-Tuesday-Blitz-January-23-2024"]
[Site "Chess.com"]
[Date "2024.01.23"]
[Round "10"]
[White "Dinosaurio_1975"]
[Black "GMSrinath"]
[Result "1-0"]
[WhiteElo "2672"]
[BlackElo "2822"]
[TimeControl "180+1"]
[EndTime "9:56:01 PST"]
[Termination "Dinosaurio_1975 won by checkmate"]

1. e4 c5 2. Nf3 d6 3. Bb5+ Bd7 4. Bxd7+ Nxd7 5. c3 Ngf6 6. Qe2 e6 7. d4 d5 8. e5 Ne4 9. Nbd2 Nxd2 10. Bxd2 cxd4 11. cxd4 Qb6 12. O-O Be7 13. Bc3 O-O 14. h4 f6 15.
exf6 Bxf6 16. h5 Rae8 17. h6 g6 18. Rfe1 Nb8 19. Ne5 Bxe5 20. Qxe5 Rf7 21. Re2 Nc6 22. Qe3 e5 23. Rae1 e4 24. f3 Qd8 25. fxe4 Rxe4 26. Qg3 Rxe2 27. Rxe2 Qf6 28. Re1 Ne7 29. Bb4 Qxd4+ 30.
Kh1 Qxb4 31. Qb8+ Rf8 32. Qe5 Qh4+ 33. Kg1 Qf2+ 34. Kh1 Nc6 35. Qg7# 1-0

[Event "Early-Titled-Tuesday-Blitz-January-23-2024"]
[Site "Chess.com"]
[Date "2024.01.23"]
[Round "10"]
[White "NastyaHn"]
[Black "AttilaTurzo"]
[Result "0-1"]
[WhiteElo "2357"]
[BlackElo "2504"]
[TimeControl "180+1"]
[EndTime "9:56:01 PST"]
[Termination "AttilaTurzo won by resignation"]

1. Nc3 c5 2. Nf3 Nf6 3. e4 d6 4. d4 cxd4 5. Nxd4 a6 6. Bg5 e6 7. f4 Be7 8. Qf3 Nbd7 9. O-O-O Qc7 10. g4 b5 11. Bxf6 Bxf6 12. Bxb5 O-O 13. Bxd7 Bxd7 14. g5 Be7 15. h4 Rab8 16. f5 Rfc8 17. Rhf1 Bf8 18. h5 d5 19. exd5 e5 20. Nb3 a5 21.
d6 Qd8 22. g6 a4 23. gxf7+ Kh8 24. Na1 Qb6 25. b3 axb3 26. Nxb3 Qb4 27. Nb1 Bc6 28. Qe3 Be4 29. c3 Ra8 30. Kb2 Qb7 31. f6 gxf6 32.
Rxf6 Qa6 33. Nc1 Rcb8+ 0-1

[Event "Early-Titled-Tuesday-Blitz-January-23-2024"]
[Site "Chess.com"]
[Date "2024.01.23"]
[Round "10"]
[White "Grossboss19"]
[Black "toninhojit"]
[Result "1-0"]
[WhiteElo "2583"]
[BlackElo "2464"]
[TimeControl "180+1"]
[EndTime "9:56:02 PST"]
[Termination "Grossboss19 won on time"]

1. e4 e5 2. Nf3 Nc6 3. Bb5 Nf6 4. d3 Bc5 5. O-O d6 6. h3 O-O 7. Nc3 a6 8. Ba4 b5 9. Bb3 Na5 10. Bg5 Nxb3 11. axb3 Be6 12. Nd2 h6 13. Bh4 g5 14.
Bg3 Ne8 15. Nd5 Ng7 16. Bh2 f5 17. b4 Ba7 18. Kh1 c6 19. Nc3 f4 20. Rxa6 Qc8 21.
Ra3 g4 22. hxg4 Bd7 23. f3 h5 24.
g5 Be3 25. Bg1 Rxa3 26. bxa3 Qd8 27. Re1 Qxg5 28. Bxe3 fxe3 29. Nf1 Qh4+ 30. Kg1 Qf2+ 31. Kh1 Rf4 32. Nh2 Rh4 33. Re2 Qg3 34. Qg1 Ne6 35.
Rxe3 Nf4 36. Ne2 Nxe2 37. Rxe2 1-0

[Event "Early-Titled-Tuesday-Blitz-January-23-2024"]
[Site "Chess.com"]
[Date "2024.01.23"]
[Round "10"]
[White "Actuary44"]
[Black "salomez"]
[Result "1-0"]
[WhiteElo "2488"]
[BlackElo "2301"]
[TimeControl "180+1"]
[EndTime "9:56:03 PST"]
[Termination "Actuary44 won on time"]

1. e4 c5 2. d4 cxd4 3. c3 Nf6 4.
Bd3 d5 5. e5 Ne4 6. cxd4 Nc6 7.
f3 Qa5+ 8. Kf1 Bf5 9. fxe4 dxe4 10. Be2 O-O-O 11. Be3 Nxe5 12. Qe1 Qxe1+ 13. Kxe1 Nc6 14. Nc3 Nxd4 15. Rd1 e5 16. Kf2 Be7 17. Bc4 Bg6 18. Nge2 Nxe2 19. Nxe2 Kb8 20. g4 Bh4+ 21. Kg2 h5 22. g5 f6 23. Nc3 fxg5 24. Nb5 a6 25. Ba7+ Ka8 26. Bb6 axb5 27. Rxd8+ Rxd8 28. Bxd8 bxc4 29.
Rd1 e3 30. Kf3 g4+ 31. Kxe3 Bxd8 32. Rxd8+ Ka7 33. Rd7 Bb1 34. a3 h4 35. Rxg7 1-0

[Event "Early-Titled-Tuesday-Blitz-January-23-2024"]
[Site "Chess.com"]
[Date "2024.01.23"]
[Round "10"]
[White "Zurability"]
[Black "Binary010"]
[Result "1-0"]
[WhiteElo "2773"]
[BlackElo "2879"]
[TimeControl "180+1"]
[EndTime "9:56:04 PST"]
[Termination "Zurability won by checkmate"]

1. Nf3 c5 2. g3 Nc6 3. Bg2 g6 4. O-O Bg7 5. e4 e5 6. d3 d6 7. Nc3 Nge7 8. Nd2 Be6 9. Nd5 O-O 10. Nc4 b5 11. Nce3 Rb8 12. f4 f5 13. fxe5 dxe5 14. a4 b4 15. Bd2 Kh8 16. c3 bxc3 17. bxc3 Na5 18. Rb1 Rxb1 19. Qxb1 f4 20. gxf4 exf4 21. Nxf4 Bg8 22. Ned5 g5 23. Nxe7 gxf4 24. Nxg8 Rxg8 25.
Qe1 Qxd3 26. e5 Bh6 27. Bxf4 Bxf4 28. Rxf4 Nc4 29. Kh1 Re8 30. e6 Nd6 31. Qe5+ Kg8 32. Rg4+ Kf8 33. Qg7# 1-0

[Event "Early-Titled-Tuesday-Blitz-January-23-2024"]
[Site "Chess.com"]
[Date "2024.01.23"]
[Round "10"]
[White "hurricane7791"]
[Black "stollenmonster"]
[Result "0-1"]
[WhiteElo "2707"]
[BlackElo "2905"]
[TimeControl "180+1"]
[EndTime "9:56:04 PST"]
[Termination "stollenmonster won by resignation"]

1. d4 Nf6 2. c4 e6 3. Nf3 d5 4.
Nc3 Ne4 5. e3 Be7 6. Bd3 f5 7. O-O c6 8. Ne2 O-O 9. Ne5 Nd7 10. Nxd7 Bxd7 11. f3 Nd6 12. b3 Be8 13.
Ba3 Qa5 14. Qc1 Rc8 15. Nf4 Bf7 16. Be2 Rfd8 17. Nd3 Be8 18. Bb4 Qc7 19. a4 Nf7 20. Bxe7 Qxe7 21. Qc3 Qg5 22. f4 Qe7 23. c5 g5 24. b4 Nh8 25. Rab1 Ng6 26. b5 b6 27. bxc6 Rxc6 28. a5 gxf4 29. exf4 Rdc8 30. axb6 axb6 31. Kh1 bxc5 32. Nxc5 Qf6 33. Qe3 Bf7 34. Rb7 R8c7 35. Rb8+ Kg7 36. Bb5 Rd6 37. g3 Ra7 38. Be8 Nf8 39.
Bxf7 Rxf7 40. Re1 Re7 41. Reb1 Nd7 42. Nd3 Nxb8 43. Rxb8 Ra6 44. Rb2 Ra3 45. Rd2 Rc7 46. Qf2 Qg6 47. Qe2 Rcc3 48. Ne5 Qe8 49. Kg2 Re3 50. Qf2 Qb5 51. g4 fxg4 52. Qh4 Re2+ 53. Rxe2 Qxe2+ 54. Qf2 Qe4+ 55. Kg1 Ra1+ 0-1

[Event "Early-Titled-Tuesday-Blitz-January-23-2024"]
[Site "Chess.com"]
[Date "2024.01.23"]
[Round "10"]
[White "Witty_Alien"]
[Black "verrbaa"]
[Result "0-1"]
[WhiteElo "2350"]
[BlackElo "2494"]
[TimeControl "180+1"]
[EndTime "9:56:04 PST"]
[Termination "verrbaa won by checkmate"]

1. e4 c5 2. Nf3 e6 3. d4 cxd4 4. c3 d5 5. e5 dxc3 6. Bd3 cxb2 7. Bxb2 Nc6 8. O-O Nge7 9. Nc3 Ng6 10. Re1 Be7 11. Rc1 O-O 12. h4 Bxh4 13. g3 Be7 14. Kg2 h6 15. Qc2 Nb4 16. Qb1 Nxd3 17. Qxd3 a6 18.
Rh1 b5 19. Rh5 Bb7 20. Ne2 d4 21. Nxd4 Rc8 22. Rch1 Qd5 23. Kg1 Bc5 24. Rxh6 gxh6 25. Rxh6 Kg7 26. Nf5+ exf5 27. e6+ f6 28. Rxg6+ Kxg6 29. Nh4+ Kg7 30. Nxf5+ Kh8 31. Nd4 Qg2# 0-1

[Event "Early-Titled-Tuesday-Blitz-January-23-2024"]
[Site "Chess.com"]
[Date "2024.01.23"]
[Round "10"]
[White "DeArron_Fox"]
[Black "sterpfi"]
[Result "1-0"]
[WhiteElo "2453"]
[BlackElo "2251"]
[TimeControl "180+1"]
[EndTime "9:56:04 PST"]
[Termination "DeArron_Fox won by checkmate"]

1. d4 d5 2. c4 e6 3. Nc3 Nf6 4. cxd5 exd5 5. Bg5 c6 6. e3 h6 7. Bh4 Be7 8. Bd3 O-O 9. Nge2 Re8 10. O-O Nbd7 11.
f3 b5 12. a3 Nb6 13. b3 a5 14. e4 dxe4 15. fxe4 Ng4 16. Bxe7 Qxe7 17. Qd2 Ba6 18. h3 Nf6 19. Ng3 b4 20. Nf5 Qd7 21. axb4 axb4 22. Rxa6 Rxa6 23. Bxa6 bxc3 24. Qxc3 Nxe4 25. Qf3 Nd2 26.
Qg4 g6 27. Nxh6+ Kg7 28. Rxf7+ Qxf7 29. Nxf7 Re1+ 30. Kf2 Rf1+ 31. Ke2 Rxf7 32. Kxd2 Nd5 33. Bc4 Rf4 34. Qd7+ Kf6 35. Bxd5 Rxd4+ 36. Kc3 Rxd5 37.
Qxc6+ Ke5 38. Qxg6 Rd6 39. Qg7+ Ke6 40. g4 Rc6+ 41.
Kd4 Rd6+ 42. Ke4 Rc6 43. g5 Rc7 44. Qf6+ Kd7 45. Qf7+ Kc6 46. Qxc7+ Kxc7 47. g6 Kd7 48. h4 Ke7 49. h5 Kf6 50. b4 Kg7 51. b5 Kh6 52. b6 Kg7 53. b7 Kh6 54. b8=Q Kg7 55. Qc7+ Kh6 56. Qf4+ Kg7 57. Kf5 Kh8 58. Qc7 Kg8 59.
Qf7+ Kh8 60. Qh7# 1-0

[Event "Early-Titled-Tuesday-Blitz-January-23-2024"]
[Site "Chess.com"]
[Date "2024.01.23"]
[Round "10"]
[White "brm72"]
[Black "secretsuperstar7"]
[Result "1-0"]
[WhiteElo "2684"]
[BlackElo "2510"]
[TimeControl "180+1"]
[EndTime "9:56:05 PST"]
[Termination "brm72 won by resignation"]

1. e4 c5 2. Nf3 d6 3. d4 cxd4 4. Nxd4 Nf6 5. Nc3 a6 6. f3 b5 7. Be3 Bb7 8. Qd2 Nc6 9. g4 e6 10. h4 Be7 11. h5 Ne5 12. g5 Nfd7 13. O-O-O Nb6 14. Rg1 b4 15. Nb1 Nbc4 16. Bxc4 Nxc4 17. Qe2 Nxe3 18. Qxe3 O-O 19. g6 fxg6 20. Nxe6 Qa5 21.
Nxf8 Rxf8 22. hxg6 h6 23. Qb3+ Kh8 24. Nd2 Bg5 25.
Kb1 d5 26. a3 Bxd2 27. Rxd2 bxa3 28. Rh2 a2+ 29. Ka1 Qc5 30. Rgh1 Bc6 31. Rh5 Qf2 32. exd5 Bb5 33. Qc3 Kg8 34. d6 Rxf3 35. Qc8+ Rf8 36. d7 Qf6 37. Rd5 Rd8 38. Re1 Bxd7 39. Qc7 Qh4 40.
Red1 Rc8 41. Qxd7 Rf8 42. Qe6+ Kh8 43. Qf7 Rc8 44. Rd7 1-0

[Event "Early-Titled-Tuesday-Blitz-January-23-2024"]
[Site "Chess.com"]
[Date "2024.01.23"]
[Round "10"]
[White "Klavdia_Nik"]
[Black "Rgoltsman"]
[Result "0-1"]
[WhiteElo "2145"]
[BlackElo "2263"]
[TimeControl "180+1"]
[EndTime "9:56:05 PST"]
[Termination "Rgoltsman won on time"]

1. Nf3 g6 2. c4 Bg7 3. Nc3 Nf6 4. e4 O-O 5. Be2 c6 6. e5 Ne8 7. d4 d6 8. Bf4 c5 9. exd6 exd6 10. dxc5 Qa5 11. O-O dxc5 12. Be5 Nc6 13. Bxg7 Nxg7 14.
Nd5 Be6 15. b3 Rfd8 16. Ng5 Bxd5 17. cxd5 Nd4 18. Bf3 Ngf5 19. g3 h6 20. Ne4 Kg7 21. Bg2 Rxd5 22. Re1 Re5 23. Qc1 Rae8 24. f3 Nd6 25.
Qb2 Nxe4 26. fxe4 b6 27. a3 Qb5 28. b4 Rd8 29. Rad1 a5 30. Bf1 Qc6 0-1

[Event "Early-Titled-Tuesday-Blitz-January-23-2024"]
[Site "Chess.com"]
[Date "2024.01.23"]
[Round "10"]
[White "LiadCuba"]
[Black "DDTerziev04"]
[Result "0-1"]
[WhiteElo "2435"]
[BlackElo "2246"]
[TimeControl "180+1"]
[EndTime "9:56:06 PST"]
[Termination "DDTerziev04 won on time"]

1. d4 d5 2. c4 dxc4 3. Nf3 Nf6 4. e3 e6 5. Bxc4 a6 6. a4 Be7 7. O-O O-O 8. b3 Nbd7 9. Qe2 c5 10. Rd1 b6 11. dxc5 Bxc5 12. Ne5 Qc7 13. Nd3 Bb7 14.
Bb2 Bd6 15. f4 Ne4 16. Nd2 Ndf6 17. Rac1 Qe7 18. Nf2 Bc5 19. Ndxe4 Nxe4 20. Ng4 f5 21. Ne5 Rad8 22. Bd4 a5 23. Bxc5 Nxc5 24. Rd4 Bd5 25.
Bxd5 exd5 26. Nc6 Qe6 27. Nxd8 Rxd8 28. Rc3 Qd6 29. Qd1 Qe6 30. Qf3 Ne4 31. Rc7 Qd6 32. Ra7 Qc6 0-1

[Event "Early-Titled-Tuesday-Blitz-January-23-2024"]
[Site "Chess.com"]
[Date "2024.01.23"]
[Round "10"]
[White "Roedor"]
[Black "cthulhuuu"]
[Result "1-0"]
[WhiteElo "2306"]
[BlackElo "2423"]
[TimeControl "180+1"]
[EndTime "9:56:06 PST"]
[Termination "Roedor won on time"]

1. c4 Nf6 2. g3 g6 3. Bg2 Bg7 4. Nc3 O-O 5. Nf3 c5 6. O-O Nc6 7.
d4 cxd4 8. Nxd4 Qa5 9. Nb3 Qb4 10. c5 d6 11. cxd6 exd6 12. Bf4 Ne5 13. Nd5 Nxd5 14.
Qxd5 Be6 15. Qxb7 Qxb7 16. Bxb7 Rab8 17. Bg2 a5 18. Nxa5 Rxb2 19. a4 Rxe2 20. Nb7 Nd3 21. Bxd6 Bxa1 22. Bxf8 Kxf8 23. Rxa1 Nxf2 24. a5 Nh3+ 25.
Bxh3 Bxh3 26. a6 Rg2+ 27. Kh1 Rb2 28. Nd6 Bg2+ 29. Kg1 Ba8 30. h4 Rg2+ 31. Kf1 Rxg3 32. a7 Rh3 33. Ra4 Rb3 34. Kf2 Rb6 35. Nc4 Rb7 36. Ra6 Ke7 37. Nb6 1-0

[Event "Early-Titled-Tuesday-Blitz-January-23-2024"]
[Site "Chess.com"]
[Date "2024.01.23"]
[Round "10"]
[White "Lion-Al-Messi"]
[Black "KetiTsatsalashvili"]
[Result "1-0"]
[WhiteElo "2573"]
[BlackElo "2420"]
[TimeControl "180+1"]
[EndTime "9:56:08 PST"]
[Termination "Lion-Al-Messi won on time"]

1. e4 c5 2. Nf3 d6 3. d4 cxd4 4.
Nxd4 Nf6 5. Nc3 Nc6 6. Bg5 e6 7. Qd2 a6 8. O-O-O Be7 9. f4 Qc7 10.
Bxf6 gxf6 11. f5 Nxd4 12. Qxd4 Qc5 13. Qd2 h5 14. Bd3 Bf8 15. Kb1 Bh6 16. Qe2 Bf4 17. Rhe1 Be5 18. Qf3 Bd7 19. Ne2 O-O-O 20. c3 Kb8 21. Nd4 Rc8 22. Bf1 h4 23. Nb3 Qb6 24. Rd2 Ba4 25. Nd4 Bd7 26. Be2 Bxh2 27. fxe6 fxe6 28.
Qxf6 Be5 29. Qf7 Rc7 30. Qf3 Rhc8 31. Nb3 Ba4 32. Bd1 Bc6 33. Qd3 Be8 34. Bg4 Re7 35.
Red1 Bg6 36. Bf3 d5 37. Re2 Rc4 38. Ka1 Rec7 39. Qd2 Ra4 40. Nd4 Bxd4 41. cxd4 Qb3 42. a3 dxe4 43. Re3 Qb5 44. Be2 1-0

[Event "Early-Titled-Tuesday-Blitz-January-23-2024"]
[Site "Chess.com"]
[Date "2024.01.23"]
[Round "10"]
[White "KorolDimitriy75"]
[Black "Ezov"]
[Result "1-0"]
[WhiteElo "2365"]
[BlackElo "2218"]
[TimeControl "180+1"]
[EndTime "9:56:09 PST"]
[Termination "KorolDimitriy75 won on time"]

1. d4 d5 2. c4 c6 3. Nc3 Nf6 4. e3 e6 5. Nf3 Be7 6. Bd3 dxc4 7. Bxc4 b5 8. Bd3 b4 9. Ne4 a5 10. Qc2 Qb6 11. O-O Ba6 12. Nxf6+ Bxf6 13. e4 Nd7 14. Be3 Bxd3 15. Qxd3 Qb5 16. Qc2 O-O 17. Rac1 Rac8 18. Rfd1 e5 19. d5 c5 20. Nd2 Nb6 21. Nc4 Nxc4 22.
Qxc4 Qa4 23. Bxc5 Be7 24. d6 Rfd8 25. b3 Qxa2 26. dxe7 Re8 27. h3 1-0

[Event "Early-Titled-Tuesday-Blitz-January-23-2024"]
[Site "Chess.com"]
[Date "2024.01.23"]
[Round "10"]
[White "CaspiIsrael"]
[Black "FREZZY23"]
[Result "0-1"]
[WhiteElo "2676"]
[BlackElo "2511"]
[TimeControl "180+1"]
[EndTime "9:56:10 PST"]
[Termination "FREZZY23 won by resignation"]

1. d4 Nf6 2. c4 g6 3. Nc3 Bg7 4.
e4 d6 5. Nf3 O-O 6. Bd3 Nc6 7. d5 Nb4 8. Be2 a5 9. O-O e5 10. a3 Na6 11. b4 axb4 12. axb4 c5 13. b5 Nc7 14. Bb2 Nd7 15. Rxa8 Nxa8 16. Ne1 f5 17.
exf5 gxf5 18. g3 f4 19. Ne4 Nf6 20. Nxf6+ Bxf6 21. Bg4 Nb6 22. Bxc8 Qxc8 23. Qc2 Qe8 24. Ng2 Qg6 25. Qb3 Qe4 26. Rc1 f3 27. Qe3 Qxe3 28. Nxe3 Bg5 29. Rc2 Bxe3 30. fxe3 e4 31. Kf2 Ra8 32.
g4 Kf7 33. g5 Ra2 34. Kg3 Na4 35. Rc1 Rxb2 36. h4 Nc3 37. Rxc3 Rg2+ 38. Kh3 Kg6 39.
Ra3 Rc2 40. Ra7 Re2 41. Rxb7 Rxe3 42. Re7 Kf5 43. Kg3 Re2 44. b6 Rg2+ 45. Kh3 Kf4 46. b7 Rb2 47. Rxh7 Rb1 48. Rf7+ Ke3 49. g6 f2 50. g7 Rxb7 51. Rxf2 Rxg7 52. Rf6 Kd4 53. Rxd6 Kxc4 54. Rd8 e3 55. Re8 Kd3 56. d6 e2 57. h5 Kd2 58. Kh4 e1=Q+ 59. Rxe1 Kxe1 60.
h6 Rd7 61. Kg5 Rxd6 62. h7 Rd8 63. Kg6 c4 64. Kg7 c3 65. h8=Q Rxh8 66. Kxh8 c2 0-1

[Event "Early-Titled-Tuesday-Blitz-January-23-2024"]
[Site "Chess.com"]
[Date "2024.01.23"]
[Round "10"]
[White "vova-79"]
[Black "NM_Antelacus"]
[Result "1/2-1/2"]
[WhiteElo "2550"]
[BlackElo "2243"]
[TimeControl "180+1"]
[EndTime "9:56:14 PST"]
[Termination "Game drawn by agreement"]

1. d4 Nf6 2. c4 e6 3. Nc3 Bb4 4.
e3 O-O 5. Ne2 b6 6. a3 Bxc3+ 7.
Nxc3 Bb7 8. Bd3 d5 9. cxd5 exd5 10. O-O c5 11. dxc5 bxc5 12. b4 cxb4 13. axb4 Nc6 14.
b5 Ne5 15. Bf5 Nc4 16. Ne2 Ne4 17. Qd4 Qf6 18. Bh3 Rfd8 19. f3 Qxd4 20. Nxd4 Ng5 21. Bf5 g6 22. Bd3 Ne6 23. Nxe6 fxe6 24. e4 Ne5 25.
Bb1 dxe4 26. fxe4 a6 27. Ba2 Re8 28. b6 Nd3 29. Ba3 Bxe4 30. Rab1 Rab8 31. Bc4 a5 32. Rfd1 Ne5 33. Rbc1 Nxc4 34. Rxc4 Bd5 35. Rc5 Rxb6 36. Rxa5 Ra8 37. Rxa8+ 1/2-1/2

[Event "Early-Titled-Tuesday-Blitz-January-23-2024"]
[Site "Chess.com"]
[Date "2024.01.23"]
[Round "10"]
[White "Hikaru"]
[Black "DenLaz"]
[Result "1-0"]
[WhiteElo "3310"]
[BlackElo "3094"]
[TimeControl "180+1"]
[EndTime "9:56:15 PST"]
[Termination "Hikaru won by resignation"]

1. d4 Nf6 2. Nf3 d5 3. c4 e6 4.
Nc3 Be7 5. Bf4 O-O 6. e3 Nbd7 7. c5 c6 8. Bd3 b6 9. b4 a5 10. a3 Ba6 11. Bxa6 Rxa6 12. O-O Qa8 13. Rb1 Qb7 14. Ne1 axb4 15. axb4 Rfa8 16. Qc2 b5 17. h3 h6 18. Nd3 Bd8 19. f3 Bc7 20. Rfe1 Ra3 21.
Qd2 Qb8 22. Ne2 e5 23. dxe5 Nxe5 24. Bxe5 Bxe5 25. Nxe5 Qxe5 26. Nd4 R8a6 27. Qf2 g6 28. Re2 Kg7 29. g4 Nd7 30. Rbe1 Qf6 31. f4 R3a4 32. e4 dxe4 33. Rxe4 Ra2 34. R1e2 Rxe2 35. Qxe2 Ra4 36. Kg2 Nf8 37. Qd2 Ra8 38. f5 Rd8 39.
Qe3 g5 40. Nf3 Nh7 41. Rd4 Rxd4 42. Qxd4 Kf8 43. Ne5 Kg7 44. Nxc6 1-0

[Event "Early-Titled-Tuesday-Blitz-January-23-2024"]
[Site "Chess.com"]
[Date "2024.01.23"]
[Round "10"]
[White "Kostya0705"]
[Black "Kotofeyca"]
[Result "1-0"]
[WhiteElo "2566"]
[BlackElo "2361"]
[TimeControl "180+1"]
[EndTime "9:56:15 PST"]
[Termination "Kostya0705 won on time"]

1. e4 c5 2. Nf3 d6 3. d4 cxd4 4. Nxd4 Nf6 5. Nc3 a6 6. h4 b5 7. a4 b4 8. Nd5 Nxe4 9. Qf3 Nc5 10. Nf6+ gxf6 11. Qxa8 Bb7 12. Qa7 e5 13. Bxa6 Bxa6 14. Nb5 Bb7 15. a5 Nc6 16. Qb6 Qxb6 17. axb6 Kd7 18.
Be3 Be7 19. Ke2 Rb8 20. c3 bxc3 21. bxc3 Bc8 22. Bxc5 dxc5 23. Rhd1+ Ke6 24. Nc7+ Kf5 25. Nd5 Bf8 26. f3 Be6 27. Ne3+ Kg6 28. Rdb1 c4 29. Ra6 1-0

[Event "Early-Titled-Tuesday-Blitz-January-23-2024"]
[Site "Chess.com"]
[Date "2024.01.23"]
[Round "10"]
[White "Championnn-9"]
[Black "tarno17"]
[Result "1-0"]
[WhiteElo "2575"]
[BlackElo "2070"]
[TimeControl "180+1"]
[EndTime "9:56:15 PST"]
[Termination "Championnn-9 won on time"]

1. a3 e5 2. c4 Nf6 3. d3 c6 4. Nf3 d6 5. g3 g6 6. Bg2 Bg7 7.
O-O O-O 8. Nc3 Nbd7 9. Bd2 Re8 10. Qc2 Nf8 11. b4 h6 12. b5 g5 13. a4 a5 14.
Rab1 Ng6 15. Ne1 d5 16. cxd5 cxd5 17. Rc1 Be6 18. Qb2 b6 19. Nc2 Rc8 20. d4 e4 21.
Ne3 Qd7 22. Rfd1 h5 23. Rc2 h4 24. Rdc1 hxg3 25. hxg3 Bh3 26. Bh1 Ng4 27. Ncxd5 Rxc2 28. Rxc2 Nxe3 29. Nxe3 f5 30. Qb3+ Kh8 31. Rc6 Kh7 32.
Qd5 Qe7 33. Nxf5 Qa3 34. Qf7 Qa1+ 35. Kh2 1-0

[Event "Early-Titled-Tuesday-Blitz-January-23-2024"]
[Site "Chess.com"]
[Date "2024.01.23"]
[Round "10"]
[White "margarita_2703"]
[Black "noblerone"]
[Result "1-0"]
[WhiteElo "2314"]
[BlackElo "2517"]
[TimeControl "180+1"]
[EndTime "9:56:16 PST"]
[Termination "margarita_2703 won on time"]

1. e4 c5 2. Nf3 e6 3. c3 Nf6 4.
e5 Nd5 5. d4 cxd4 6. Qxd4 Nc6 7.
Qe4 f5 8. Qe2 b5 9. Qxb5 a5 10.
Qb3 Qc7 11. Be2 Nxe5 12. O-O Bb7 13. Re1 Nxf3+ 14. Bxf3 Bc5 15. Bxd5 Rb8 16. Bxb7 Rxb7 17. Qc2 O-O 18. Be3 Bd6 19. h3 f4 20. Bd2 f3 21.
g4 Bc5 22. Be3 Rb5 23. Bxc5 Rxc5 24. Nd2 h5 25. Re4 Rg5 26. Qd3 Rf6 27. Nxf3 Rd5 28.
Rd4 Rxd4 29. Nxd4 hxg4 30. hxg4 Qf4 31. Qg3 Qe4 32. g5 Rf4 33. f3 Qe3+ 34. Qf2 Qe5 35. Qg2 Qe3+ 36. Kf1 e5 37. Re1 Qd3+ 38. Qe2 Qxe2+ 39. Nxe2 Rxf3+ 40. Kg2 Rf5 41. Ng3 Rxg5 42. Rd1 1-0

[Event "Early-Titled-Tuesday-Blitz-January-23-2024"]
[Site "Chess.com"]
[Date "2024.01.23"]
[Round "10"]
[White "GMWSO"]
[Black "LyonBeast"]
[Result "1/2-1/2"]
[WhiteElo "3114"]
[BlackElo "3160"]
[TimeControl "180+1"]
[EndTime "9:56:17 PST"]
[Termination "Game drawn by repetition"]

1. d4 Nf6 2. c4 e6 3. Nc3 d5 4. cxd5 exd5 5. Bg5 c6 6. e3 h6 7. Bh4 Be7 8. Bd3 O-O 9. Nge2 Ne8 10. Bg3 Nd6 11. O-O Re8 12. Qd2 Na6 13. Rae1 Nc7 14.
f3 Bg5 15. Nf4 Bf5 16. e4 dxe4 17. fxe4 Bh7 18. Qf2 Qd7 19. Nh3 Be7 20. Bb1 Bf8 21.
e5 Ndb5 22. Qxf7+ Qxf7 23. Bxh7+ Kxh7 24. Rxf7 Re7 25. Rxe7 Bxe7 26. Rd1 Rd8 27. Bf2 Nxc3 28. bxc3 Nd5 29. Rd3 b5 30. Kf1 g5 31. Ng1 a5 32.
Nf3 Kg6 33. Nd2 a4 34. g3 b4 35. cxb4 Nxb4 36. Rc3 Nxa2 37. Rxc6+ Kf7 38. Ra6 Nc3 39. Nc4 Rb8 40. Be1 Rb1 41. Kf2 Bb4 42. Bxc3 Bxc3 43.
d5 Rb4 44. Nd6+ Ke7 45. Ra7+ Kd8 46. Nf7+ Ke8 47. Nd6+ Kd8 48. Nf7+ Ke8 49. Nd6+ Kd8 1/2-1/2

[Event "Early-Titled-Tuesday-Blitz-January-23-2024"]
[Site "Chess.com"]
[Date "2024.01.23"]
[Round "10"]
[White "malakismayil"]
[Black "falzehope0"]
[Result "1-0"]
[WhiteElo "2558"]
[BlackElo "2406"]
[TimeControl "180+1"]
[EndTime "9:56:17 PST"]
[Termination "malakismayil won on time"]

1. e4 d5 2. exd5 Nf6 3. Nf3 Qxd5 4. d4 Bg4 5. Be2 Nc6 6. c3 O-O-O 7. Qb3 Qh5 8. Nbd2 e5 9. Nf1 exd4 10. Ng3 Qa5 11.
Bd2 d3 12. Bd1 Re8+ 13. Kf1 Be6 14. c4 Bb4 15. Be3 Qa6 16. a3 Bxc4 17. axb4 Qxa1 18. Qa4 d2+ 19. Kg1 Qb1 20. h3 Rd8 21. Kh2 Qg6 22. b5 Bd5 23. bxc6 Bxc6 24. Qxa7 Kd7 25. Ne5+ Ke8 26.
Nxg6 hxg6 27. Qa5 Kf8 28. Bxd2 Kg8 29. Bg5 Ng4+ 30. Bxg4 f6 31. Bf4 Rf8 32. Qxc7 Kh7 33. Re1 f5 34. Re7 Rhg8 35. Be5 1-0

[Event "Early-Titled-Tuesday-Blitz-January-23-2024"]
[Site "Chess.com"]
[Date "2024.01.23"]
[Round "10"]
[White "Kapitan_Bayan"]
[Black "Orphanator2009"]
[Result "1-0"]
[WhiteElo "2361"]
[BlackElo "2459"]
[TimeControl "180+1"]
[EndTime "9:56:18 PST"]
[Termination "Kapitan_Bayan won by checkmate"]

1. e4 c5 2. Nf3 d6 3. d4 cxd4 4. Nxd4 Nf6 5. Nc3 Nc6 6. Bg5 e6 7. Qd2 a6 8. O-O-O Bd7 9. f4 Be7 10. Be2 h6 11. Bxf6 Bxf6 12. Nb3 Be7 13. Bf3 b5 14. Nd4 Qb6 15. Nce2 Nxd4 16. Nxd4 Rc8 17. Kb1 O-O 18. f5 Bf6 19. fxe6 fxe6 20. Bg4 Rce8 21. Rhf1 Re7 22. Nf3 Qb7 23. Qxd6 Qxe4 24. Bh3 Bc8 25. Rfe1 Qc4 26. Ne5 Bxe5 27. Qxe7 Bf6 28.
Bxe6+ Kh7 29. Bxc4 Bxe7 30. Rxe7 bxc4 31. Rc7 Bg4 32. Re1 Rf2 33. a3 Bf5 34. Ree7 Rxc2 35. Rxg7+ Kh8 36. Rgf7 Bg6 37. Rf8# 1-0